Map: Triton LE

Players

liquidthermy (uThermal) - Winner!

  • Race: Terran Terran
  • Spawn Location: 5:00

BlyOnFire (Bly)

  • Race: Zerg Zerg
  • League: Grandmaster
  • Spawn Location: 11:00

Event: HomeStory Cup XX

VOD

Have the link to the VOD?

Description

Time

  • Played on: Nov. 22, 2019, 10:35 a.m.
  • Length: 9:08

All games in this series

Show
View Real Time Build Order
Export as new Build Order

liquidthermy Terran - Winner!

Build Orders: Liberator Opening, Reaper Expand 

Get SALT Encoding   

  12  0:01  SCV  
  13  0:13  SCV  
  14  0:17  Supply Depot  
  14  0:25  SCV  
  15  0:38  SCV  
  15  0:39  Barracks  
  16  0:43  Refinery  
  16  0:50  SCV  
  17  1:02  SCV  
  18  1:15  SCV  
  19  1:26  Reaper  
  19  1:27  Orbital Command  
  20  1:40  Command Center  
  20  1:50  Supply Depot  
  20  1:53  SCV  
  21  1:58  Marine  
  22  2:05  SCV  
  23  2:08  Factory  
  23  2:14  Refinery  
  23  2:17  SCV  
  23  2:19  Barracks Reactor  
  24  2:29  SCV  
  25  2:41  SCV  
  26  2:53  SCV  
  26  2:54  Starport  
  26  2:55  Orbital Command  
  27  3:01  Hellion x2  
  27  3:04  Barracks Tech Lab  
  31  3:05  SCV  
  32  3:13  Liberator  
  32  3:14  Supply Depot  
  32  3:17  SCV  
  33  3:22  Hellion, SCV  
  33  3:23  Hellion  
  38  3:32  SCV  
  38  3:34  SCV  
  43  3:44  Hellion x2  
  43  3:48  SCV  
  48  3:53  Supply Depot  
  48  3:55  SCV  
  49  4:00  SCV  
  50  4:08  SCV  
  48  4:11  Command Center  
  48  4:12  SCV  
  48  4:17  Marine  
  48  4:18  Stimpack  
  48  4:20  Supply Depot, SCV  
  48  4:21  Starport Reactor  
  50  4:27  SCV  
  50  4:30  Factory Tech Lab  
  51  4:32  SCV  
  51  4:38  Marine  
  53  4:41  SCV, Barracks  
  53  4:42  Barracks  
  53  4:44  SCV  
  55  4:53  Engineering Bay  
  55  4:54  Engineering Bay, SCV  
  55  4:55  Marine  
  55  4:57  Siege Tank  
  60  5:00  SCV  
  60  5:06  SCV  
  62  5:12  SCV  
  62  5:13  Marine  
  60  5:15  Refinery  
  60  5:16  Refinery  
  60  5:18  SCV  
  60  5:21  Starport Reactor  
  61  5:24  SCV  
  58  5:30  SCV  
  58  5:31  Marine  
  58  5:36  Siege Tank, SCV  
  58  5:38  Orbital Command  
  58  5:41  Terran Infantry Weapons Level 1, Terran Infantry Armor Level 1  
  58  5:42  Marine, SCV  
  62  5:44  Marine  
  62  5:48  SCV  
  62  5:49  Marine x2  
  66  5:53  Marine  
  66  5:54  SCV  
  68  5:58  Medivac  
  68  5:59  Medivac  
  68  6:00  Marine, SCV  
  68  6:02  Orbital Command  
  74  6:06  SCV  
  74  6:07  Marine  
  74  6:11  Supply Depot  
  76  6:12  SCV, Armory  
  76  6:13  Marine x2  
  79  6:18  SCV  
  79  6:22  Marine, Combat Shield, Supply Depot  
  79  6:24  SCV  
  79  6:25  Siege Tank  
  85  6:32  Marine, SCV  
  87  6:35  Medivac  
  89  6:42  SCV  
  89  6:44  Marine, Medivac  
  92  6:47  Marine x2  
  92  6:50  Marine x2  
  92  6:54  Supply Depot  
  96  6:55  Barracks  
  96  6:56  Barracks  
  96  6:57  Siege Tank  
  98  7:02  Marine  
  98  7:05  Supply Depot  
  98  7:07  Marine x3  
  101  7:15  Marine, SCV  
  102  7:20  Marine  
  98  7:24  SCV  
  98  7:25  Marine x3  
  98  7:29  Siege Tank  
  103  7:33  Marine, SCV  
  103  7:36  SCV  
  102  7:38  Marine  
  102  7:43  Marine x2  
  106  7:45  SCV  
  106  7:46  Barracks Reactor  
  106  7:48  SCV  
  106  7:51  Marine x2  
  107  7:56  Barracks Reactor  
  107  7:57  SCV  
  107  8:00  SCV  
  107  8:04  Marine x2, Medivac  
  111  8:06  Marine  
  111  8:09  Marine, SCV  
  111  8:11  Marine  
  108  8:12  SCV  
  106  8:21  SCV  
  106  8:22  Marine x2  
  106  8:24  Marine  
  106  8:26  Marine, Medivac  
  113  8:28  Marine  
  113  8:33  Marine  
  73  8:34  Medivac  
  112  8:36  SCV  
  112  8:38  Marine  
  112  8:39  Supply Depot  
  112  8:40  Marine  
  117  8:44  Marine  
  117  8:46  Supply Depot  
  117  8:47  Supply Depot  
Show
View Real Time Build Order
Export as new Build Order

BlyOnFire Zerg 

Build Orders: Hatch First 

Get SALT Encoding   

  12  0:01  Drone  
  13  0:12  Overlord  
  13  0:19  Drone  
  14  0:31  Drone x2  
  16  0:48  Hatchery  
  15  0:51  Drone  
  15  0:54  Drone  
  17  0:58  Drone  
  18  1:10  Extractor  
  17  1:14  Spawning Pool  
  17  1:17  Drone  
  17  1:19  Drone  
  18  1:28  Drone  
  20  1:40  Drone  
  20  1:49  Overlord  
  20  2:00  Queen x2  
  24  2:02  Zergling x4  
  26  2:15  Metabolic Boost, Drone x2  
  28  2:33  Hatchery  
  28  2:35  Drone x2  
  29  2:42  Drone  
  30  2:49  Queen  
  30  2:50  Overlord  
  32  2:57  Drone x2  
  32  2:58  Drone  
  35  3:07  Overlord  
  35  3:13  Zergling x6  
  38  3:22  Drone x4  
  41  3:31  Overlord  
  41  3:43  Overlord  
  41  3:47  Queen  
  42  3:49  Zergling x2  
  42  3:50  Zergling x10  
  48  4:02  Lair  
  45  4:11  Drone x7  
  51  4:17  Drone x5  
  56  4:27  Queen  
  56  4:29  Zergling x2  
  56  4:30  Zergling x10  
  64  4:33  Roach Warren  
  64  4:35  Extractor  
  64  4:36  Extractor  
  60  4:42  Drone x4  
  64  4:48  Spore Crawler  
  63  4:55  Drone x3  
  65  5:05  Drone x6  
  49  5:20  Drone x6  
  48  5:28  Overseer  
  43  5:29  Nydus Network  
  39  5:48  Zergling x16  
  47  6:07  Roach x4  
  47  6:10  Nydus Canal  
  55  6:25  Nydus Canal  
  55  6:39  Overseer  
  51  6:40  Zergling x20  
  51  6:46  Glial Reconstitution  
  60  6:59  Roach x4  
  66  7:04  Nydus Canal  
  59  7:19  Nydus Canal  
  59  7:21  Overseer  
  51  7:26  Roach x7  
  51  7:27  Roach  
  59  7:41  Roach x3  
  65  7:54  Nydus Canal  
  65  8:11  Nydus Canal  
  57  8:15  Roach x6  
  66  8:24  Overlord  
  66  8:28  Queen  
  66  8:30  Queen  
  56  8:36  Roach x5  
  56  8:37  Overseer  
  60  8:42  Ravager x2  
  62  8:48  Zergling x6  
  62  8:49  Zergling x2  
  66  9:01  Nydus Canal  
Tags
 
Add a new tag
Caveats
  • Supply blocks, unpowered buildings, or Contaminate may cause inaccurate times.
  • Supply counts are checked every 10 seconds.